 Dungeon Crawl Stone Soup version 0.29.1-12-g30fa7ad0bf (webtiles) character file.

Game seed: 9959435798808891526

349 GigaChad the Chopper (level 6, -2/52 HPs)
             Began as a Palentonga Fighter on Dec 12, 2022.
             Slain by Pargi (3 damage)
             ... on level 4 of the Dungeon.
             The game lasted 00:04:25 (2659 turns).

GigaChad the Chopper (Palentonga Fighter)           Turns: 2659, Time: 00:04:27

Health: -2/52      AC:  9    Str: 24    XL:     6   Next: 33%
Magic:  6/6        EV:  4    Int:  8    God:
Gold:   129        SH:  4    Dex:  9    Spells: 5/5 levels left

rFire   . . .      SeeInvis +   a - +0 war axe
rCold   . . .      Faith    .   c - +0 buckler
rNeg    . . .      Spirit   .   m - +0 plate armour
rPois   .          Reflect  .   (no helmet)
rElec   .          Harm     .   (no cloak)
rCorr   .          Rampage  .   (no gloves)
Will    .....                   (no barding)
Stlth   ..........              j - amulet of regeneration
HPRegen 0.97/turn               (no ring)
MPRegen 0.10/turn               (no ring)

@: no status effects
A: large, rugged brown scales 3, see invisible, deformed body, roll 1, armoured
tail
a: Rolling Charge


You were on level 4 of the Dungeon.
You visited 1 branch of the dungeon, and saw 4 of its levels.

You collected 129 gold pieces.

Inventory:

Hand Weapons
 a - a +0 war axe (weapon)
 w - a +2 quarterstaff of chaos
Armour
 b - a +0 scale mail
 c - a +0 buckler (worn)
 m - a +0 plate armour (worn)
 x - a +0 cloak
Jewellery
 j - an amulet of regeneration (around neck)
 y - a ring of wizardry
Wands
 u - a wand of iceblast (9)
Scrolls
 f - a scroll of vulnerability {unknown}
 g - 2 scrolls of butterflies {unknown}
 h - a scroll of blinking {unknown}
 i - a scroll of enchant armour {unknown}
 k - a scroll of silence {unknown}
 l - 2 scrolls of magic mapping {unknown}
 n - a scroll of torment {unknown}
 o - a scroll of enchant weapon {unknown}
 p - 5 scrolls of identify {unknown}
 s - a scroll of poison {unknown}
 t - 3 scrolls of teleportation {unknown}
Potions
 d - a potion of might
 e - a potion of heal wounds
 q - 3 potions of magic {unknown}
 r - a potion of curing {unknown}
 v - a potion of attraction {unknown}


   Skills:
 + Level 4.3 Fighting
 + Level 4.4 Axes
 + Level 3.6 Armour
 + Level 0.3 Dodging
 + Level 0.1 Stealth
 + Level 3.1 Shields


You had 5 spell levels left.
You didn't know any spells.
Your spell library contained the following spells:

 Spells                   Type           Power      Damage    Failure   Level
 Slow                     Hex            0%         N/A       100%        1
 Confusing Touch          Hex            0%         N/A       100%        3
 Frozen Ramparts          Ice            0%         1d1       100%        3
 Ozocubu's Armour         Ice            0%         N/A       100%        3
 Vampiric Draining        Necr           0%         2d6       100%        3
 Ice Form                 Ice/Tmut       0%         N/A       100%        4
 Summon Ice Beast         Ice/Summ       0%         N/A       100%        4
 Ozocubu's Refrigeration  Ice            0%         4d7       100%        7


Dungeon Overview and Level Annotations

Branches:
Dungeon (4/15)
 Temple: D:4-7

Altars:

Shops:
D:4 ?

Annotations:
D:4 Pargi


Innate Abilities, Weirdness & Mutations

You are completely covered in rugged brown scales. (AC +3, +7% HP)
You have supernaturally acute eyesight. (SInv)
Armour fits poorly on your strangely shaped body.
You can roll at nearby foes to attack.
You have a long armoured tail.


Message History

Pargi is lightly wounded.
You hit the gnoll. The gnoll barely misses you. Pargi bites you.
You block Pargi's attack. Pargi claws you but does no damage.
You completely miss Pargi. You tail-slap Pargi!
Pargi is heavily wounded.
You closely miss the gnoll. Pargi bites you but does no damage.
Pargi claws you but does no damage. Pargi claws you.
The gnoll barely misses you.
You closely miss Pargi.
Your tail-slap misses Pargi.
Pargi is moderately wounded.
You closely miss the gnoll. The gnoll hits you with a +0 whip.
You block Pargi's attack. Pargi claws you but does no damage. x2
You slash Pargi! You tail-slap Pargi!
Pargi is almost dead.
You hit the gnoll. The gnoll barely misses you. Pargi bites you!
Pargi claws you. Pargi claws you but does no damage.
The gnoll hits you but does no damage. Pargi bites you.
Pargi barely misses you. Pargi claws you but does no damage.
You closely miss Pargi.
Your tail-slap misses Pargi.
Pargi is almost dead.
You hit the gnoll. Pargi bites you but does no damage.
Pargi claws you but does no damage. x2; The gnoll hits you with a +0 whip!
* * * LOW HITPOINT WARNING * * *
You miss Pargi.
Pargi is almost dead.
You barely miss the gnoll. The gnoll hits you with a +0 whip!
* * * LOW HITPOINT WARNING * * *
You block Pargi's attack. Pargi claws you.
* * * LOW HITPOINT WARNING * * *
Pargi claws you.
* * * LOW HITPOINT WARNING * * *
You barely miss Pargi.
Pargi is almost dead.
You slash the gnoll!
You kill the gnoll!
Pargi bites you.
* * * LOW HITPOINT WARNING * * *
Pargi barely misses you. Pargi claws you but does no damage.
You block the gnoll's attack. Pargi bites you.
You die...

#####.....##
#.#.###....# .##
#..........### #..
##.#.###....#.. ..#
...### ###.##.# ..
##.#######.##.# .####.#
.#.........##.###....!.
.#.#####.####.##Tgg#
.### #........@# ..#
#######.### .... ...#
#### ##..# # #..# #
..## # ##. # #+ #


You could see Pargi and 2 gnolls.

Vanquished Creatures
  A black bear (D:4)
  Crazy Yiuf (D:3)
  Jessica (D:2)
  Ijyb (D:3)
  Terence (D:2)
  Natasha (twice) (D:3)
  A gnoll (D:4)
  4 adders
  An ufetubus (D:4)
  2 worms
  A dart slug (D:2)
  6 ball pythons
  4 endoplasms
  A giant cockroach (D:1)
  5 goblins
  4 hobgoblins
  2 bats (D:1)
  4 frilled lizards
  10 kobolds
  8 rats
60 creatures vanquished.

Vanquished Creatures (others)
  5 plants
5 creatures vanquished.

Grand Total: 65 creatures vanquished

Notes
Turn   | Place    | Note
-------+----------+-------------------------------------------
     0 | D:1      | GigaChad the Palentonga Fighter began the quest for the
                  | Orb.
     0 | D:1      | Reached XP level 1. HP: 19/19 MP: 1/1
   284 | D:1      | Reached XP level 2. HP: 23/25 MP: 2/2
   860 | D:2      | Reached XP level 3. HP: 31/31 MP: 3/3
   954 | D:2      | Noticed Terence
   963 | D:2      | Killed Terence
  1072 | D:2      | Noticed Jessica
  1082 | D:2      | Killed Jessica
  1083 | D:2      | Reached XP level 4. HP: 37/37 MP: 4/4
  1579 | D:3      | Noticed Ijyb
  1605 | D:3      | Killed Ijyb
  1606 | D:3      | Reached XP level 5. HP: 44/44 MP: 5/5
  1686 | D:3      | Noticed Natasha
  1695 | D:3      | Killed Natasha
  1779 | D:3      | Found a faded altar of an unknown god.
  2047 | D:3      | Found a runed translucent door.
  2048 | D:3      | Noticed Crazy Yiuf
  2076 | D:3      | Killed Crazy Yiuf
  2383 | D:3      | Noticed Natasha
  2388 | D:3      | Killed Natasha
  2491 | D:4      | Found Wemnutops's Magic Scroll Shoppe.
  2549 | D:4      | Noticed a black bear
  2559 | D:4      | Killed a black bear
  2560 | D:4      | Reached XP level 6. HP: 7/51 MP: 6/6
  2642 | D:4      | Noticed Pargi
  2659 | D:4      | HP: 1/52 [Pargi (4)]
  2659 | D:4      | Slain by Pargi

Illustrated notes

Levels and vault maps discovered:
D:1:      denvon_arrival_planthouse, layout_basic
D:2:      layout_basic, st_stairs_6, minmay_cupped, uniq_jessica, uniq_terence
D:3:      layout_loops_corners, nicolae_ecumenical_oubliette,
          grunt_ministairs_15, minmay_crystal_water, serial_bayou_ford_a,
          uniq_ijyb, uniq_crazy_yiuf_cottage, uniq_natasha
D:4:      layout_basic, serial_shops, nicolae_shop_advertising_works
          [nicolae_subvault_shop_adworks], kennysheep_minor_cross,
          grunt_decor_fettered, uniq_robin, uniq_pargi

Skill      XL: |  1  2  3  4  5 |
---------------+----------------+-----
Shields        | 3 |  3.1
Axes           | 3 4 |  4.4
Armour         | 3 |  3.6
Fighting       | 4 |  4.3
Dodging        | |  0.3
Stealth        | |  0.1

Action                   |  1- 3 |  4- 6 || total
-------------------------+-------+-------++-------
Melee: War axe           |    68 |   107 ||   175
       Tailslap          |     5 |    11 ||    16
Armor: Scale mail        |    81 |       ||    81
       Plate armour      |     8 |    98 ||   106
Dodge: Dodged            |    44 |    37 ||    81
Block: Buckler           |    23 |    22 ||    45
